 Dungeon Crawl Stone Soup version 0.29.1-1-gd02db6906a (webtiles) character file.

Game seed: 9552706048742733358

74 Sanktem7 the Trooper (level 4, 0/42 HPs)
             Began as a Minotaur Fighter on Oct 2, 2022.
             Killed from afar by an orc wizard (2 damage)
             ... with a magic dart
             ... on level 3 of the Dungeon.
             The game lasted 00:02:22 (1617 turns).

Sanktem7 the Trooper (Minotaur Fighter)             Turns: 1617, Time: 00:02:23

Health: 0/42       AC:  6    Str: 22    XL:     4   Next: 10%
Magic:  3/3        EV:  9    Int:  5    God:
Gold:   93         SH:  4    Dex: 10    Spells: 3/3 levels left

rFire   . . .      SeeInvis .   a - +0 flail {mace}
rCold   . . .      Faith    .   c - +0 buckler
rNeg    . . .      Spirit   .   b - +0 scale mail
rPois   .          Reflect  .   (helmet restricted)
rElec   .          Harm     .   (no cloak)
rCorr   .          Rampage  .   (no gloves)
Will    .....                   (no boots)
Stlth   ..........              (no amulet)
HPRegen 0.14/turn               (no ring)
MPRegen 0.08/turn               (no ring)

@: no status effects
A: horns 2, retaliatory headbutt
a: no special abilities


You were on level 3 of the Dungeon.
You visited 1 branch of the dungeon, and saw 3 of its levels.

You collected 93 gold pieces.


Innate Abilities, Weirdness & Mutations

You have a pair of horns on your head.
You reflexively headbutt those who attack you in melee.


   Skills:
 * Level 5.0 Fighting
 * Level 4.1 Maces & Flails
 - Level 3.6 Armour
 - Level 3.6 Shields


You had 3 spell levels left.
You didn't know any spells.
Your spell library was empty.

Inventory:

Hand Weapons
 a - a +0 flail (weapon) {mace}
 l - a +2 dagger of venom {short}
   (You took it off a kobold on level 2 of the Dungeon)
Missiles
 g - 6 stones (quivered) {throwing}
Armour
 b - a +0 scale mail (worn)
 c - a +0 buckler (worn)
Magical Staves
 f - a staff of cold {!astaff}
   (You found it on level 1 of the Dungeon)
Scrolls
 e - 3 scrolls of vulnerability {unknown}
 i - a scroll of identify {unknown}
 m - a scroll of summoning {unknown}
Potions
 d - 2 potions of might
 h - a potion of flight {unknown}
 j - a potion of brilliance {unknown}
 k - a potion of degeneration {unknown}

Dungeon Overview and Level Annotations

Branches:
Dungeon (3/15) Zot: 16358

Altars:

Shops:
D:2

(
#>..........##
#.####.......#
#. #.......#
#. #.......# #
#.......#
#.......#
#.......#
####'#### #@#
#{# ..# ##.#
#.# #.. #.#
#..


There were no monsters in sight!


Message History

Something hits you. 😕 HP[-3]
You take 3 damage, and now have 34/42 hp.
You block something's attack.
You hear some strange, mumbled words.
You are confused.
You bump into the rock wall.
Something hits you.
You hit something. Your headbutt misses something. Something hits you. 😕 HP[-2]
You take 2 damage, and now have 32/42 hp.
You barely miss something. Your headbutt misses something.
You hear some strange, mumbled words.
A magic dart appears from out of thin air!
The magic dart hits you but does no damage.
You barely miss something. Your headbutt misses something.
Something hits you. 😮 HP[-2]
You take 2 damage, and now have 30/42 hp.
You completely miss something. Your headbutt misses something.
You hear some strange, mumbled words.
You are more confused.
Something hits you but does no damage.
You bump into the rock wall.
Something hits you. 😮 HP[-3]
You take 3 damage, and now have 27/42 hp.
You bump into the rock wall.
Something hits you. 😮 HP[-1]
You take 1 damage, and now have 26/42 hp.
You bump into the rock wall.
Something hits you. 😮 HP[-1]
You take 1 damage, and now have 25/42 hp.
You bump into the rock wall.
You hear some strange, mumbled words.
A puff of flame appears from out of thin air!
The puff of flame hits you.
* * * LOW HITPOINT WARNING * * *
😨 HP[-6]
You take 6 damage, and now have 19/42 hp.
You bump into the rock wall.
Something hits you.
* * * LOW HITPOINT WARNING * * *
😨 HP[-1]
You take 1 damage, and now have 18/42 hp.
You completely miss something. Something hits you but does no damage.
You barely miss something.
You hear some strange, mumbled words.
A puff of flame appears from out of thin air!
The puff of flame hits you!
* * * LOW HITPOINT WARNING * * *
😱 HP[-12]
You take 12 damage, and now have 6/42 hp.
MASSIVE DAMAGE!! (PAUSE)
You closely miss something.
You feel less confused. Something hits you.
* * * LOW HITPOINT WARNING * * *
😱 HP[-1]
You take 1 damage, and now have 5/42 hp.
You hit something but do no damage. Your headbutt misses something.
Something hits you but does no damage. 😱 HP[+1]
You miss something.
You hear some strange, mumbled words.
Something tries to affect you, but you resist.
You hear some strange, mumbled words.
A magic dart appears from out of thin air!
The magic dart hits you.
* * * LOW HITPOINT WARNING * * *
😱 HP[-1]
You take 1 damage, and now have 5/42 hp.
You hit something. Something hits you but does no damage.
You miss something. Something hits you but does no damage.
You closely miss something. Something hits you.
* * * LOW HITPOINT WARNING * * *
You hear some strange, mumbled words.
You are confused. 😱 HP[-2]
You take 2 damage, and now have 3/42 hp.
You miss something.
Something hits you but does no damage. 😱 HP[+1]
You completely miss something.
You hear some strange, mumbled words.
A magic dart appears from out of thin air!
The magic dart hits you.
* * * LOW HITPOINT WARNING * * *
😱 HP[-2]
You take 2 damage, and now have 2/42 hp.
You miss something. Your headbutt misses something. Something hits you.
* * * LOW HITPOINT WARNING * * *
😱 HP[-1]
You take 1 damage, and now have 1/42 hp.
You barely miss something. Something hits you but does no damage.
You bump into the rock wall.
You feel less confused. Something hits you but does no damage.
Unknown command.
You barely miss something.
Something hits you but does no damage. x2
You miss something.
You hear some strange, mumbled words.
A magic dart appears from out of thin air!
The magic dart hits you.
You die...

Skill      XL: |  1  2  3 |
---------------+----------+-----
Fighting       | 4 5 |  5.0
Maces & Flails | 3 4 |  4.1
Armour         | |  3.6
Shields        | |  3.6

Action                   |  1- 3 |  4- 6 || total
-------------------------+-------+-------++-------
Melee: Flail             |    70 |    18 ||    88
       Headbutt          |     7 |       ||     7
Armor: Scale mail        |    25 |    11 ||    36
Dodge: Dodged            |    30 |       ||    30
Block: Buckler           |     8 |     1 ||     9

Levels and vault maps discovered:
D:1:      shiori_shiawase, layout_loops_ring
D:2:      layout_loops_ring, serial_shops, shop
D:3:      minmay_general_purpose_star, layout_basic, serial_shops,
          nicolae_shop_temple_entry_statues_fountains, uniq_sigmund

Notes
Turn   | Place    | Note
-------+----------+-------------------------------------------
     0 | D:1      | Sanktem7 the Minotaur Fighter began the quest for the Orb.
     0 | D:1      | Reached XP level 1. HP: 19/19 MP: 0/0
     0 | D:1      | magus.rc [v1.9.6]
   198 | D:1      | Reached skill level 4 in Fighting
   240 | D:1      | Reached XP level 2. HP: 27/27 MP: 1/1
   293 | D:1      | Reached skill level 3 in Maces & Flails
   848 | D:2      | Found Ogremn's Antique Weapon Boutique.
  1004 | D:2      | Reached XP level 3. HP: 32/34 MP: 2/2
  1590 | D:3      | Reached skill level 5 in Fighting
  1590 | D:3      | Reached skill level 4 in Maces & Flails
  1590 | D:3      | Reached XP level 4. HP: 37/42 MP: 3/3
  1604 | D:3      | HP: 6/42 [something/puff of flame (12)]
  1610 | D:3      | HP: 3/42 [something (2)]
  1613 | D:3      | HP: 1/42 [something (1)]
  1617 | D:3      | Killed from afar by an orc wizard

Vanquished Creatures
  An orc wizard (D:3)
  A worm (D:3)
  5 dart slugs
  3 orcs (D:3)
  2 bats (D:2)
  2 endoplasms
  A goblin (D:2)
  5 hobgoblins
  3 jackals (D:1)
  A quokka (D:1)
  A frilled lizard (D:2)
  2 kobolds (D:2)
  6 rats
33 creatures vanquished.

Table legend:
 A = Non-vault XP
 B = Vault XP
 C = Vault XP percentage of total XP
 D = Non-vault monster count
 E = Vault monster count
 F = Vault count percentage of total count
                 A         B        C        D         E       F
            +---------+---------+-------+---------+---------+-------
      Total |     107 |       0 |   0.0 |      33 |       0 |   0.0
            +---------+---------+-------+---------+---------+-------
        D:1 |      37 |       0 |   0.0 |      16 |       0 |   0.0
        D:2 |      18 |       0 |   0.0 |      10 |       0 |   0.0
        D:3 |      52 |       0 |   0.0 |       7 |       0 |   0.0
            +---------+---------+-------+---------+---------+-------

Illustrated notes

Table legend:
 A = Kills in this place as a percentage of kills in entire the game.
 B = Kills by you in this place as a percentage of kills by you in the entire game.
 C = Kills by friends in this place as a percentage of kills by friends in the entire game.
 D = Other kills in this place as a percentage of other kills in the entire game.
 E = Experience gained in this place as a percentage of experience gained in the entire game.
 F = Experience gained in this place divided by the number of levels of this place that you have seen.
                   A       B       C       D       E      F
               +-------+-------+-------+-------+-------+----------------------
         Total | 100.0 | 100.0 |   N/A |   N/A | 100.0 |  35.7
       Dungeon | 100.0 | 100.0 |   N/A |   N/A | 100.0 |  35.7
               +-------+-------+-------+-------+-------+----------------------

Table legend: (Time is in decaauts)
 A = Elapsed time spent in this place.
 B = Non-inter-level travel time spent in this place.
 C = Inter-level travel time spent in this place.
 D = Time resting spent in this place.
 E = Time spent auto-exploring this place.
 F = Levels seen in this place.
 G = Mean time per level.
                   A        B        C        D        E       F      G
               +--------+--------+--------+--------+--------+-----+--------+
         Total |   1640 |   1627 |     13 |      0 |   1404 |   3 |  546.7 |
       Dungeon |   1640 |   1627 |     13 |      0 |   1404 |   3 |  546.7 |
               +--------+--------+--------+--------+--------+-----+--------+

Top non-repeatable levels by time:
     D:1: 761 daAuts
     D:2: 748 daAuts
     D:3: 130 daAuts
